 Dungeon Crawl Stone Soup version 0.26-a0-466-g989023bd0d (webtiles) character file.

Game seed: 12726518275860804697

99 vatarom the Firebug (level 4, -3/24 HPs)
             Began as a Deep Elf Fire Elementalist on Aug 7, 2020.
             Slain by an orc (5 damage)
             ... on level 2 of the Dungeon.
             The game lasted 00:12:03 (3253 turns).

vatarom the Firebug (Deep Elf Fire Elementalist)    Turns: 3253, Time: 00:12:04

Health: -3/24      AC:  2    Str:  5    XL:     4   Next: 45%
Magic:  9/10       EV: 13    Int: 21    God:
Gold:   125        SH:  5    Dex: 15    Spells: 5/9 levels left

rFire    + . .     SeeInvis .   g - +3 whip
rCold    . . .     Faith    .   (no shield)
rNeg     . . .     Spirit   .   a - +0 robe
rPois    .         Reflect  +   (no helmet)
rElec    .         Harm     .   (no cloak)
rCorr    .                      (no gloves)
MR       .....                  (no boots)
Stlth    ++........             e - amulet of reflection
HPRegen  0.08/turn              f - ring of protection from fire
MPRegen  0.12/turn              (no ring)

@: no status effects
A: no striking features
a: no special abilities


You were on level 2 of the Dungeon.
You visited 1 branch of the dungeon, and saw 3 of its levels.

You collected 125 gold pieces.

Inventory:

Hand Weapons
 g - a +3 whip (weapon)
Missiles
 c - 191 stones (quivered)
Armour
 a - a +0 robe (worn)
Jewellery
 e - an amulet of reflection (around neck)
 f - a ring of protection from fire (left hand)
Scrolls
 h - a scroll of fog
 i - a scroll of blinking {unknown}
 j - 2 scrolls of remove curse {unknown}


   Skills:
 - Level 2.4 Dodging
 - Level 2.7 Stealth
 - Level 3.0 Spellcasting
 - Level 3.4 Conjurations
 + Level 4.6 Fire Magic


You had 5 spell levels left.
You knew the following spells:

 Your Spells              Type           Power        Failure   Level
a - Foxfire               Conj/Fire      ###.         2%          1
c - Conjure Flame         Conj/Fire      ###.....     8%          3

Your spell library contained the following spells:

 Spells                   Type           Power        Failure   Level
 Inner Flame              Hex/Fire       ##......     16%         3
 Sticky Flame             Conj/Fire      ###.....     26%         4
 Fireball                 Conj/Fire      ###.......   56%         5


Dungeon Overview and Level Annotations

Branches:
Dungeon (3/15)

Altars:
Ashenzari
Makhleb


Message History

Casting: Foxfire (safe; 2% risk of failure)
Confirm with . or Enter, or press ? or * to list all spells.
Nothing appears to happen.
The adder closely misses you. The orc hits you but does no damage.
You completely miss the orc.
The orc is almost dead.
The adder bites you but does no damage. You block the orc's attack.
The adder bites you.
You hit the orc but do no damage.
The orc is almost dead.
The adder bites you.
* * * LOW HITPOINT WARNING * * *
The orc closely misses you. Magic courses through your body.
The adder bites you.
* * * LOW HITPOINT WARNING * * *
You block the orc's attack.
Casting: Foxfire (safe; 2% risk of failure)
Confirm with . or Enter, or press ? or * to list all spells.
Nothing appears to happen.
The adder completely misses you. The orc hits you.
You die...

#.#)##8.....8#.#.# #.#####
#.#)##.......#.#.# #.#...# ##
#.#)##8.....8#.#.## #.##..# #.
..#.##..)....#....# #.##..# #.
###.##########....# #.##.<# #.
..........# #....####.##.######.
....#.###.# #................##†
...##.###.# #.#S#####.##.###.##.
........#.# #.#@o.....##.###....
##.####.#.####.##########.#......
##....#.#.#....# #.......#......
#####.#.#.#....# #.#######......
...##.#.#.#....# #.# #......
##.##.#.#.#....# #.# #......
##.##...#.#.#### #.# ##.#.##
##.####.#.#.# #.# #.#.#
#........#.# #.# #.#.#


You could see an adder and an orc.

Vanquished Creatures
  4 adders
  3 leopard geckos (D:1)
  An orc (D:3)
  7 bats
  4 giant cockroaches
  10 goblins
  7 hobgoblins
  7 jackals (D:1)
  3 frilled lizards
  4 kobolds
  3 rats
53 creatures vanquished.

Vanquished Creatures (others)
  99 foxfires
99 creatures vanquished.

Grand Total: 152 creatures vanquished

Notes
Turn   | Place    | Note
-------+----------+-------------------------------------------
     0 | D:1      | vatarom the Deep Elf Fire Elementalist began the quest for
                  | the Orb.
     0 | D:1      | Reached XP level 1. HP: 10/10 MP: 6/6
   245 | D:1      | Reached XP level 2. HP: 15/15 MP: 6/8
  1194 | D:1      | Reached XP level 3. HP: 12/19 MP: 4/9
  1305 | D:1      | Learned a level 3 spell: Conjure Flame
  1593 | D:2      | Found a burning altar of Makhleb.
  2086 | D:2      | Reached skill level 4 in Fire Magic
  2454 | D:2      | Reached XP level 4. HP: 19/24 MP: 7/10
  2584 | D:2      | Found a shattered altar of Ashenzari.
  3253 | D:2      | Slain by an orc

Illustrated notes

Levels and vault maps discovered:
D:1:      mrwooster_arrival_arrow, layout_basic, kennysheep_doodads
D:2:      kennysheep_the_goblin_king, layout_basic, lemuel_crystal_altar,
          hangedman_feature_mirror, evilmike_ruin_ashenzari
D:3:      layout_rooms, nicolae_dithmenos_through_a_glass_darkly,
          uniq_crazy_yiuf_cottage

Skill      XL: |  1  2  3 |
---------------+----------+-----
Conjurations   | 2 3 |  3.4
Fire Magic     | 4 |  4.6
Dodging        | |  2.4
Stealth        | |  2.7
Spellcasting   | |  3.0

Action                   |  1- 3 |  4- 6 || total
-------------------------+-------+-------++-------
Melee: Dagger            |    23 |       ||    23
       Whip              |    24 |    18 ||    42
 Cast: Foxfire           |    55 |    17 ||    72
       Conjure Flame     |     5 |       ||     5
  Use: Scroll            |     4 |     2 ||     6
       Potion            |     3 |     1 ||     4
 Stab: Sleeping          |     2 |       ||     2
Armor: Robe              |     9 |     4 ||    13
Dodge: Dodged            |    63 |    17 ||    80
Block: Other             |    14 |     9 ||    23

Table legend: (Time is in decaauts)
 A = Elapsed time spent in this place.
 B = Non-inter-level travel time spent in this place.
 C = Inter-level travel time spent in this place.
 D = Time resting spent in this place.
 E = Time spent auto-exploring this place.
 F = Levels seen in this place.
 G = Mean time per level.
                   A        B        C        D        E       F      G
               +--------+--------+--------+--------+--------+-----+--------+
         Total |   3255 |   3202 |     53 |    442 |   2273 |   3 | 1085.0 |
       Dungeon |   3255 |   3202 |     53 |    442 |   2273 |   3 | 1085.0 |
               +--------+--------+--------+--------+--------+-----+--------+

Top non-repeatable levels by time:
     D:2: 1608 daAuts
     D:1: 1526 daAuts
     D:3: 120 daAuts
